 Dungeon Crawl Stone Soup version 0.27-a0-34-gc18c9092ac (webtiles) character file.

Game seed: 8089889004050093747

6911 sideus8 the Thaumaturge (level 10, -4/56 HPs)
             Began as a Deep Elf Ice Elementalist on Jan 4, 2021.
             Was a Believer of Ashenzari.
             Slain by a wolf (7 damage)
             ... led by Grum
             ... on level 10 of the Dungeon.
             The game lasted 00:29:11 (11816 turns).

sideus8 the Thaumaturge (DEIE)                     Turns: 11816, Time: 00:29:11

Health: -4/56      AC:  9    Str:  5    XL:     10   Next: 79%
Magic:  28/28      EV: 13    Int: 36    God:    Ashenzari [**....]
Gold:   239        SH:  8    Dex: 20    Spells: 7/33 levels left

rFire    . . .     SeeInvis .   o - +8 war axe of Accidental Termination {vorpal, +Inv rPois Dex+5} (curse)
rCold    . . .     Faith    .   z - +3 buckler (curse)
rNeg     . . .     Spirit   .   t - +3 leather armour
rPois    +         Reflect  .   h - +2 helmet
rElec    .         Harm     +   y - scarf {harm}
rCorr    .         Rampage  .   (no gloves)
Will     +....                  (no boots)
Stlth    ++........             (no amulet)
HPRegen  0.18/turn              l - +6 ring of intelligence (curse)
MPRegen  0.21/turn              d - +6 ring of intelligence (curse)

@: about to teleport
A: no striking features
a: Renounce Religion, Evoke Invisibility, Curse Item, Scrying


You were on level 10 of the Dungeon.
You worshipped Ashenzari.
Ashenzari was pleased with you.
You visited 1 branch of the dungeon, and saw 10 of its levels.

You collected 539 gold pieces.
You spent 300 gold pieces at shops.

Inventory:

Hand Weapons
 o - the cursed +8 war axe of Accidental Termination (weapon) {vorpal, +Inv rPois Dex+5}
   (You found it on level 4 of the Dungeon)

   It inflicts extra damage upon your enemies.
   It affects your dexterity (+5).
   It protects you from poison.
   It lets you turn invisible.
   It has a curse placed upon it.
Missiles
 r - 6 silver boomerangs
Armour
 a - a +0 robe
 h - a +2 helmet (worn)
 t - a +3 leather armour (worn)
 y - a scarf of harm (worn)
 z - a cursed +3 buckler (worn)
Jewellery
 d - a cursed +6 ring of intelligence (right hand)
 l - a cursed +6 ring of intelligence (left hand)
 w - an uncursed ring of protection from fire
Wands
 q - a wand of polymorph (18)
 s - a wand of acid (13)
 u - a wand of flame (29)
 B - a wand of digging (10)
 F - a wand of paralysis (4)
Scrolls
 b - a scroll of teleportation
 c - 2 scrolls of remove curse
 e - 3 scrolls of identify
 j - 3 scrolls of fog {unknown}
 k - 4 scrolls of enchant armour
 m - 2 scrolls of amnesia {unknown}
 C - a scroll of noise
 D - a scroll of fear {unknown}
Potions
 f - 3 potions of attraction
 g - 4 potions of haste
 i - a potion of invisibility
 n - 2 potions of berserk rage
 p - a potion of magic
 v - 2 potions of lignification
 x - 3 potions of cancellation
 A - a potion of resistance {unknown}
 G - a potion of mutation {unknown}
 H - a potion of might


   Skills:
 + Level 3.1 Fighting
 + Level 5.3(7.6) Axes
 + Level 2.4 Armour
 + Level 4.1 Dodging
 - Level 3.1 Stealth
 + Level 1.9(3.0) Shields
 * Level 12.2 Spellcasting
 * Level 5.2(6.7) Conjurations
 * Level 3.6(5.0) Hexes
 * Level 10.0(11.3) Ice Magic
 + Level 0.1(0.3) Air Magic
 + Level 0.2(0.6) Poison Magic


You had 7 spell levels left.
You knew the following spells:

 Your Spells              Type           Power        Failure   Level
a - Freeze                Ice            100%         1%          1
b - Frozen Ramparts       Ice            100%         1%          3
c - Ozocubu's Armour      Ice            81%          1%          3
d - Hailstorm             Conj/Ice       72%          1%          4
e - Slow                  Hex            55%          1%          2
f - Metabolic Englaciati  Hex/Ice        34%          3%          5
g - Mephitic Cloud        Conj/Pois/Air  40%          3%          3
h - Ensorcelled Hibernat  Hex/Ice        100%         1%          2
i - Dazzling Flash        Conj/Hex       100%         1%          3

Your spell library contained the following spells:

 Spells                   Type           Power        Failure   Level
 Corona                   Hex            61%          1%          1
 Magic Dart               Conj           100%         1%          1
 Confusing Touch          Hex            55%          1%          3
 Tukima's Dance           Hex            55%          1%          3
 Conjure Flame            Conj/Fire      46%          2%          3
 Animate Skeleton         Necr           46%          3%          1
 Apportation              Tloc           46%          3%          1
 Summon Small Mammal      Summ           92%          3%          1
 Summon Guardian Golem    Hex/Summ       40%          3%          3
 Summon Ice Beast         Ice/Summ       59%          3%          4
 Blink                    Tloc           N/A          4%          2
 Call Imp                 Summ           23%          4%          2
 Call Canine Familiar     Summ           23%          10%         3
 Gell's Gravitas          Tloc           11%          10%         3
 Petrify                  Tmut/Erth      23%          30%         4
 Summon Lightning Spire   Summ/Air       23%          30%         4
 Yara's Violent Unravell  Hex/Tmut       20%          32%         5


Dungeon Overview and Level Annotations

Branches:
Dungeon (10/15)            Temple (0/1) D:6             Orc (0/2) D:9
   Lair: D:8-11

Altars:
Ashenzari
Elyvilon
Gozag
Hepliaklqana
Sif Muna
Uskayaw

Shops:
D:6 (*   D:8 *

Annotations:
D:10 Grum


Message History

Grum the Hunter comes into view.
He is wielding a -2 spear.
You hear an angry hiss.
You slash the wolf!
You kill the wolf!
You hit the wolf.
The wolf is lightly wounded.
The wolf closely misses you.
Grum hits you from afar with a -2 spear.
The wolf misses you.
You hit the wolf.
The wolf is lightly wounded.
The wolf bites you!
Grum hits you from afar with a -2 spear!
* * * LOW HITPOINT WARNING * * *
The wolf bites you!
* * * LOW HITPOINT WARNING * * *
You see here a sky beast corpse.
As you read the scroll of teleportation, it crumbles to dust.
You feel strangely unstable. The wolf bites you.
You die...

* ##.## *
#...#
###...### ,,,
#.......# , ,
#.......# *
#.......# * *
## *##....###
, ,..,*#....#
,
...##.##@####
......gh.#
......####
...## ,., ,,,
, * * * * *
,, ,,


You could see Grum and a wolf.

Vanquished Creatures
  A two-headed ogre (D:9)
  2 trolls
  Sigmund (D:3)
  A yak (D:9)
  2 vampires (D:9)
  Menkaure (D:4)
  2 water moccasins
  Duvessa (D:4)
  3 orc warriors
  2 ice beasts
  5 sky beasts
  A black bear (D:6)
  A necrophage (D:6)
  A phantom (D:7)
  5 centaurs
  3 ogres
  A wolf (D:10)
  3 big kobolds
  6 bullfrogs
  3 scorpions
  Dowan (D:4)
  7 wights
  5 howler monkeys
  A centaur zombie (D:6)
  A quasit (D:8)
  A bullfrog skeleton (D:5)
  12 hounds
  3 jellies
  Crazy Yiuf (D:6)
  8 orc priests
  An iguana (D:5)
  12 orc wizards
  Natasha (thrice) (D:2)
  2 worker ants (D:7)
  10 gnolls
  7 adders
  2 white imps
  2 ufetubi
  An ooze (D:3)
  2 adder skeletons
  2 adder zombies
  3 worms
  A dart slug (D:2)
  7 leopard geckos
  39 orcs
  5 bats
  8 giant cockroaches
  6 goblins
  6 hobgoblins
  3 jackals (D:7)
  29 kobolds
  6 quokkas
  A ball python (D:5)
  2 frilled lizards (D:3)
  2 leopard gecko skeletons
  A quokka zombie (D:9)
  3 rats
251 creatures vanquished.

Vanquished Creatures (others)
  5 plants (D:6)
5 creatures vanquished.

Grand Total: 256 creatures vanquished

Notes
Turn   | Place    | Note
-------+----------+-------------------------------------------
     0 | D:1      | sideus8 the Deep Elf Ice Elementalist began the quest for
                  | the Orb.
     0 | D:1      | Reached XP level 1. HP: 10/10 MP: 6/6
   126 | D:1      | Reached XP level 2. HP: 5/15 MP: 2/8
   966 | D:1      | Reached skill level 5 in Ice Magic
  1368 | D:2      | Found a broken altar of Ashenzari.
  1378 | D:2      | Reached XP level 3. HP: 19/19 MP: 3/10
  1405 | D:2      | Became a worshipper of Ashenzari the Shackled
  1420 | D:2      | Found a hide-covered altar of Uskayaw.
  1438 | D:2      | Reached skill level 4 in Spellcasting
  1500 | D:2      | Noticed Natasha
  1508 | D:2      | Killed Natasha
  1509 | D:2      | Reached XP level 4. HP: 5/24 MP: 4/12
  1880 | D:2      | Noticed Natasha
  1886 | D:2      | Killed Natasha
  1906 | D:2      | Reached skill level 5 in Spellcasting
  1914 | D:2      | Reached XP level 5. HP: 10/28 MP: 5/14
  2276 | D:2      | Noticed Natasha
  2287 | D:2      | Killed Natasha
  2709 | D:3      | Reached skill level 6 in Spellcasting
  2736 | D:3      | Reached XP level 6. HP: 22/32 MP: 2/17
  2890 | D:3      | Noticed Sigmund
  2905 | D:3      | Killed Sigmund
  2906 | D:3      | Reached skill level 7 in Spellcasting
  3173 | D:3      | Found a shimmering blue altar of Sif Muna.
  3241 | D:3      | Learned a level 3 spell: Frozen Ramparts
  3245 | D:3      | Learned a level 3 spell: Ozocubu's Armour
  3264 | D:3      | Learned a level 4 spell: Hailstorm
  3267 | D:3      | Learned a level 2 spell: Slow
  3444 | D:4      | Got the war axe of Accidental Termination {vorpal, +Inv
                  | rPois Dex+5}
  3446 | D:4      | Identified the +8 war axe of Accidental Termination
                  | {vorpal, +Inv rPois Dex+5} (You found it on level 4 of the
                  | Dungeon)
  3554 | D:4      | Reached XP level 7. HP: 25/37 MP: 10/19
  3577 | D:4      | Noticed Dowan
  3583 | D:4      | Killed Dowan
  3584 | D:4      | Noticed Duvessa
  3588 | D:4      | Killed Duvessa
  3589 | D:4      | Reached skill level 8 in Spellcasting
  3847 | D:4      | Learned a level 5 spell: Metabolic Englaciation
  4055 | D:4      | Found a white marble altar of Elyvilon.
  4059 | D:4      | Noticed Menkaure
  4063 | D:4      | Killed Menkaure
  4396 | D:4      | Found an opulent altar of Gozag.
  4542 | D:5      | Entered Level 5 of the Dungeon
  4542 | D:5      | Reached * piety under Ashenzari
  5269 | D:5      | Reached skill level 9 in Spellcasting
  5489 | D:6      | Reached XP level 8. HP: 42/42 MP: 14/23
  5631 | D:6      | Reached skill level 1 in Axes
  5650 | D:6      | Reached skill level 10 in Spellcasting
  5861 | D:6      | Reached skill level 1 in Fighting
  5862 | D:6      | HP: 2/43 [orc priest/nerve-wracking pain (16)]
  6063 | D:6      | Learned a level 3 spell: Mephitic Cloud
  6084 | D:6      | Reached skill level 1 in Conjurations
  6188 | D:6      | Found Kuny's Antique Weapon Boutique.
  6190 | D:6      | Found a staircase to the Ecumenical Temple.
  6201 | D:6      | HP: 2/44 [gnoll/+0 spear (4)]
  6516 | D:6      | Learned a level 2 spell: Ensorcelled Hibernation
  6520 | D:6      | Learned a level 3 spell: Dazzling Flash
  6542 | D:6      | Reached skill level 1 in Armour
  6671 | D:6      | Found Zuillufe's General Store.
  6674 | D:6      | Bought a book of Cantrips for 300 gold pieces
  6759 | D:6      | Reached XP level 9. HP: 48/48 MP: 25/25
  6809 | D:6      | Found a runed translucent door.
  6810 | D:6      | Noticed Crazy Yiuf
  6816 | D:6      | Killed Crazy Yiuf
  8603 | D:8      | Reached ** piety under Ashenzari
  8630 | D:8      | Reached skill level 11 in Spellcasting
  8828 | D:8      | Found Nifet's General Store.
  8887 | D:8      | Reached skill level 1 in Shields
  8887 | D:8      | Reached XP level 10. HP: 26/54 MP: 27/27
  9073 | D:8      | Reached skill level 1 in Hexes
  9220 | D:8      | Found a hazy altar of Hepliaklqana.
  9804 | D:9      | Noticed a two-headed ogre
  9810 | D:9      | Killed a two-headed ogre
 10363 | D:9      | Reached skill level 5 in Conjurations
 10440 | D:9      | Found a staircase to the Orcish Mines.
 10494 | D:9      | Reached skill level 5 in Axes
 10596 | D:9      | Reached skill level 12 in Spellcasting
 11540 | D:9      | Reached skill level 10 in Ice Magic
 11757 | D:10     | Entered Level 10 of the Dungeon
 11811 | D:10     | Noticed Grum
 11816 | D:10     | Slain by a wolf

Illustrated notes

Levels and vault maps discovered:
D:1:      ebering_hopf_link, layout_basic
D:2:      layout_basic, old_standard_altar, lemuel_crystal_altar,
          minmay_misc_feat_square, uniq_natasha
D:3:      layout_basic, lemuel_blue_sif_altar, uniq_sigmund
D:4:      layout_loops_corners, nicolae_overflow_hidden_temple,
          nicolae_gozag_cash_rules_everything_around_me, uniq_menkaure,
          uniq_duvessa
D:5:      layout_loops_corners
D:6:      layout_rooms, minmay_temple_entry_statues, serial_shops,
          nicolae_shop_overgrown_old_shop, kennysheep_mini,
          uniq_crazy_yiuf_cottage
D:7:      layout_basic
D:8:      layout_rooms, basic_altar, serial_shops, nicolae_shop_waterfront
D:9:      layout_basic, orc_0_dummy, grunt_ministairs_6, minmay_joined_circles
D:10:     layout_loops_cross, erik_lair_island, uniq_grum

Skill      XL: |  1  2  3  4  5  6  7  8  9 10 |
---------------+-------------------------------+-----
Ice Magic      | 5 6 7 8 9 10 | 10.0
Stealth        | 3 |  3.1
Spellcasting   | 4 5 6 7 9 10 11 12 | 12.2
Dodging        | 3 4 |  4.1
Axes           | 2 4 5 |  5.3
Fighting       | 2 3 |  3.1
Conjurations   | 1 3 5 |  5.2
Armour         | 1 2 |  2.4
Shields        | 1 |  1.9
Hexes          | 3 |  3.6
Air Magic      | |  0.1
Poison Magic   | |  0.2

Action                   |  1- 3 |  4- 6 |  7- 9 | 10-12 || total
-------------------------+-------+-------+-------+-------++-------
Melee: Unarmed           |     1 |     1 |       |       ||     2
       War axe           |       |     2 |   173 |   118 ||   293
 Cast: Freeze            |    44 |    88 |    28 |     2 ||   162
       Ozocubu's Armour  |       |     3 |     5 |     5 ||    13
       Frozen Ramparts   |       |     1 |    11 |    10 ||    22
       Hailstorm         |       |       |    15 |       ||    15
       Mephitic Cloud    |       |       |     1 |       ||     1
       Ensorcelled Hiber |       |       |       |     2 ||     2
       Metabolic Englaci |       |       |       |     1 ||     1
Invok: Curse Item        |       |       |     3 |     1 ||     4
Evoke: Wand              |       |       |       |     1 ||     1
  Use: Scroll            |       |     7 |    14 |     3 ||    24
       Potion            |       |     1 |     4 |     3 ||     8
 Stab: Sleeping          |       |       |     7 |     1 ||     8
       Distracted        |       |       |       |     1 ||     1
Armor: Robe              |     2 |     5 |     4 |       ||    11
       Leather armour    |       |       |    72 |    43 ||   115
Dodge: Dodged            |    30 |    65 |   112 |    72 ||   279
Block: Buckler           |       |       |    61 |    49 ||   110

Table legend: (Time is in decaauts)
 A = Elapsed time spent in this place.
 B = Non-inter-level travel time spent in this place.
 C = Inter-level travel time spent in this place.
 D = Time resting spent in this place.
 E = Time spent auto-exploring this place.
 F = Levels seen in this place.
 G = Mean time per level.
                   A        B        C        D        E       F      G
               +--------+--------+--------+--------+--------+-----+--------+
         Total |  11897 |  11897 |      0 |   1911 |   7080 |  10 | 1189.7 |
       Dungeon |  11897 |  11897 |      0 |   1911 |   7080 |  10 | 1189.7 |
               +--------+--------+--------+--------+--------+-----+--------+

Top non-repeatable levels by time:
     D:9: 2350 daAuts
     D:7: 1724 daAuts
     D:6: 1428 daAuts
     D:1: 1368 daAuts
     D:2: 1150 daAuts
     D:4: 1113 daAuts
     D:5: 948 daAuts
     D:3: 921 daAuts
     D:8: 830 daAuts
    D:10: 61 daAuts
